 Dungeon Crawl Stone Soup version 0.24.0-1-gfbc8707122 (webtiles) character file.

Game seed: 3397696733474706934, levelgen mode: deterministic

384 Esekla the Slasher (level 6, -6/43 HPs)
             Began as an Octopode Abyssal Knight on Oct 27, 2019.
             Was a Priest of Lugonu.
             Mangled by a slave (10 damage)
             ... led by Pikel
             ... on level 5 of the Dungeon.
             The game lasted 00:26:51 (4163 turns).

Esekla the Slasher (Octopode Abyssal Knight)        Turns: 4163, Time: 00:26:52

Health: -6/43      AC:  1    Str: 13    XL:     6   Next: 77%
Magic:  7/7        EV: 14    Int: 14    God:    Lugonu [***...]
Gold:   378        SH:  0    Dex: 12    Spells: 6/7 levels left

rFire    . . .     SeeInvis .   e - +1 falchion (elec)
rCold    . . .     Gourm    .   (no shield)
rNeg     . . .     Faith    .   (helmet restricted)
rPois    .         Spirit   .   c - amulet of the acrobat
rElec    .         Reflect  .   (no ring)
rCorr    .         Harm     .   (no ring)
MR       .....                  (no ring)
Stlth    +++.......             (no ring)
HPRegen  0.14/turn              (no ring)
MPRegen  0.10/turn              (no ring)
                                (no ring)
                                (no ring)

@: no status effects
A: almost no armour, stealthy swim, amphibious, 8 rings, constrict 8, camouflage
1, gelatinous body 1
a: Depart the Abyss, Bend Space, Banish, Renounce Religion


You were on level 5 of the Dungeon.
You worshipped Lugonu.
Lugonu was most pleased with you.
You were not hungry.

You visited 1 branch of the dungeon, and saw 5 of its levels.
You visited the Abyss 1 time.

You collected 378 gold pieces.

Inventory:

Hand Weapons
 d - a +2 falchion
 e - a +1 falchion of electrocution (weapon)
 f - a +0 dagger of flaming
Missiles
 j - 4 javelins
 o - 4 boomerangs
 p - 7 atropa-tipped darts (quivered)
Jewellery
 c - an amulet of the acrobat (around mantle)
Scrolls
 h - 5 scrolls of identify
 m - 2 scrolls of remove curse
 q - 3 scrolls of teleportation
Potions
 a - a potion of invisibility
 g - a potion of cancellation
 i - 2 potions of agility
 k - a potion of curing
 l - a potion of heal wounds
 r - a potion of might
 t - 2 potions of magic {unknown}
Miscellaneous
 n - a box of beasts
Comestibles
 b - 8 rations


   Skills:
 + Level 4.0 Fighting
 * Level 4.8 Long Blades
 * Level 3.4 Dodging
 + Level 2.5 Stealth
 * Level 1.1 Spellcasting
 * Level 1.5 Translocations
 * Level 2.1 Invocations


You had 6 spell levels left.
You knew the following spells:

 Your Spells              Type           Power        Failure   Level  Hunger
a - Apportation           Tloc           #.....       14%         1    ##.....

Your spell library contained the following spells:

 Spells                   Type           Power        Failure   Level  Hunger
 Animate Skeleton         Necr           N/A          26%         1    ##.....
 Confusing Touch          Hex            #.....       26%         1    ##.....
 Summon Small Mammal      Summ           #...         26%         1    ##.....


Dungeon Overview and Level Annotations

Branches:
Dungeon (5/15)             Temple (0/1) D:5

Altars:
Okawaru

Annotations:
D:5 Pikel


Innate Abilities, Weirdness & Mutations

You cannot wear most types of armour.
You are very stealthy in the water. (Stealth+)
You are amphibious.
You can wear up to eight rings at the same time.
You can use your tentacles to constrict eight enemies at once.
Your skin changes colour to match your surroundings (Stealth+).
Your rubbery body absorbs attacks. (AC +1, EV +1)


Message History

Pikel closely misses you. The slave barely misses you.
You riposte.
You closely miss the slave. Your grab misses the slave.
You hit Pikel but do no damage.
Pikel is moderately wounded.
You constrict Pikel. The slave hits you!
Pikel hits you with a +0 whip of flaming!
Pikel burns you. The slave hits you.
* * * LOW HITPOINT WARNING * * *
The slave hits you!
* * * LOW HITPOINT WARNING * * *
You release your grip on Pikel.
The slave completely misses you.
Pikel zaps a wand.
The puff of flame misses you. The slave closely misses you.
You riposte.
You hit the slave. You grab the slave.
The slave is lightly wounded.
You release your grip on the slave.
The slave barely misses you.
Pikel says, "You'll feel the lick of my whip!"
Pikel cracks his whip.
There is a stone staircase leading up here.
The slave hits you!
You die...

..................###.......#....
......................##.#....##.
.#....>......ppp..###....#.##.. .
.#........>.p###### #.##......#
.#...........# ######....##.>..
.#...........###.......#......##
.#.................K...#.#.##
.#.#########.............# .. #.#
#.(..@p....#....# #.
#..........#.##.. #.
#............. # #..........##..
..$........... ..
###............. #.............
#.............


You could see Pikel and a slave.

Vanquished Creatures
  A hound (D:4)
  2 orc priests (D:3)
  Crazy Yiuf (D:3)
  2 orc wizards
  2 worker ants
  A worker ant zombie (D:5)
  4 adders
  3 oozes
  An adder skeleton (D:4)
  6 worms
  A dart slug (D:3)
  2 leopard geckos
  9 orcs
  2 giant cockroaches
  12 goblins
  5 hobgoblins
  3 jackals (D:1)
  2 quokkas
  A ball python (D:1)
  5 bats
  2 frilled lizards
  A giant cockroach zombie (D:5)
  9 kobolds
  7 rats
84 creatures vanquished.

Notes
Turn   | Place    | Note
-------+----------+-------------------------------------------
     0 | Abyss:1  | Esekla the Octopode Abyssal Knight began the quest for the
                  | Orb.
     0 | Abyss:1  | Reached XP level 1. HP: 16/16 MP: 2/2
    31 | Abyss:1  | Noticed a quasit
    69 | Abyss:2  | Noticed a black draconian
    72 | Abyss:2  | Noticed a bone dragon
    90 | Abyss:2  | Noticed a large abomination
    97 | Abyss:2  | Noticed a starcursed mass
   126 | Abyss:3  | Noticed an apocalypse crab
   141 | Abyss:3  | Noticed a wretched star
   163 | D:1      | Escaped the Abyss
   527 | D:1      | Reached XP level 2. HP: 10/21 MP: 3/3
   590 | D:1      | Reached * piety under Lugonu
   721 | D:1      | Reached XP level 3. HP: 23/26 MP: 4/4
   969 | D:2      | Reached skill level 1 in Stealth
  1239 | D:2      | Reached XP level 4. HP: 33/33 MP: 5/5
  1377 | D:2      | Reached ** piety under Lugonu
  1422 | D:2      | Learned a level 1 spell: Apportation
  1731 | D:3      | Found an iron altar of Okawaru.
  1854 | D:3      | Reached XP level 5. HP: 16/37 MP: 4/6
  2511 | D:4      | Reached skill level 1 in Translocations
  2528 | D:4      | Noticed a phantom
  2951 | D:3      | Found a runed translucent door.
  2952 | D:3      | Noticed Crazy Yiuf
  3001 | D:3      | Reached XP level 6. HP: 28/43 MP: 7/7
  3218 | D:3      | Killed Crazy Yiuf
  3483 | D:4      | Reached skill level 1 in Spellcasting
  3935 | D:4      | Reached *** piety under Lugonu
  3994 | D:5      | Entered Level 5 of the Dungeon
  4061 | D:5      | Found a staircase to the Ecumenical Temple.
  4135 | D:5      | Noticed Pikel
  4135 | D:5      | Noticed a slave
  4136 | D:5      | Noticed a slave
  4136 | D:5      | Noticed a slave
  4136 | D:5      | Noticed a slave
  4143 | D:5      | HP: 1/43 [slave[Pikel] (7)]
  4163 | D:5      | Mangled by a slave

Levels and vault maps discovered:
D:1:      lemuel_arrival_rhombus, layout_rooms
D:2:      minmay_spotlight, layout_loops_cross
D:3:      layout_loops_corners, first_ration, okawaru_metal_pillars_1_2,
          uniq_crazy_yiuf_cottage
D:4:      layout_basic, minmay_goblin_outpost
D:5:      layout_basic, minmay_temple_entry_ruins, basic_altar, uniq_edmund,
          uniq_pikel, uniq_eustachio

Skill      XL: |  1  2  3  4  5  6 |
---------------+-------------------+-----
Stealth        | 1 2 |  2.5
Long Blades    | 3 4 |  4.8
Dodging        | 3 |  3.4
Translocations | 1 |  1.5
Fighting       | 4 |  4.0
Spellcasting   | 1 |  1.1
Invocations    | |  2.1

Action                   |  1- 3 |  4- 6 || total
-------------------------+-------+-------++-------
Melee: Falchion          |    60 |   106 ||   166
       Tentacles         |    11 |    21 ||    32
       Constrict         |    14 |    35 ||    49
Throw: Dart              |     2 |     9 ||    11
 Cast: Apportation       |       |     1 ||     1
Invok: Depart the Abyss  |     1 |       ||     1
  Use: Scroll            |       |    12 ||    12
 Stab: Sleeping          |     5 |     4 ||     9
       Invisible         |       |     1 ||     1
  Eat: Chunk             |       |     7 ||     7
       Ration            |       |     1 ||     1
Armor: Skin              |     5 |     3 ||     8
Dodge: Dodged            |    51 |    79 ||   130
       Rpst.: Falchion   |    14 |    22 ||    36
